 Dungeon Crawl Stone Soup version 0.20-a0-454-g2b43fbb (webtiles) character file.

168 kuniqs the Skirmisher (level 5, -7/42 HPs)
             Began as a Barachian Artificer on Jan 8, 2017.
             Mangled by a gnoll
             ... wielding a +0 club
              (8 damage)
             ... on level 1 of the Dungeon.
             The game lasted 00:06:52 (3049 turns).

kuniqs the Skirmisher (Barachian Artificer)         Turns: 3049, Time: 00:06:53

Health: -7/42      AC:  5    Str: 12    XL:     5   Next: 49%
Magic:  7/7        EV: 11    Int:  9    God:
Gold:   54         SH:  0    Dex: 11    Spells: 4/4 levels left

rFire  . . .     SeeInvis .     a - +3 falchion
rCold  . . .     Gourm    .     s - +0 ring mail
rNeg   . . .     Faith    .     (no shield)
rPois  .         Spirit   .     (no helmet)
rElec  .         Reflect  .     (no cloak)
rCorr  .         Harm     .     (no gloves)
MR     .....                    (no boots)
Stlth  +.........               (no amulet)
                                (no ring)
                                (no ring)

@: slow
A: swims, slowness 1, strong legs 1
a: Hop


You were on level 1 of the Dungeon.
You were not hungry.

You visited 1 branch of the dungeon, and saw 3 of its levels.

You collected 54 gold pieces.

Inventory:

Hand Weapons
 a - a +3 falchion (weapon)
 o - a +1 dagger of draining
Armour
 s - a +0 ring mail (worn)
Wands
 c - a wand of flame (1/48)
 f - a wand of enslavement (14/24)
 m - a wand of random effects (7/48)
Scrolls
 h - a scroll of enchant weapon {unknown}
 k - 2 scrolls of identify {unknown}
 n - a scroll of remove curse {unknown}
 p - 2 scrolls of noise {unknown}
 t - a scroll of magic mapping {unknown}
Potions
 g - a potion of beneficial mutation {unknown}
 i - a potion of brilliance {unknown}
 j - a potion of cancellation {unknown}
 q - a potion of heal wounds {unknown}
 r - a potion of invisibility {unknown}
Comestibles
 d - 4 bread rations
 e - a meat ration
 l - a beef jerky


   Skills:
 + Level 4.0 Fighting
 - Level 1.0(1.2) Short Blades
 + Level 1.3(1.5) Long Blades
 + Level 3.8 Dodging
 - Level 1.0 Stealth
 - Level 3.0 Evocations


You had 4 spell levels left.
You didn't know any spells.

Dungeon Overview and Level Annotations

Branches:
Dungeon (3/15)

Altars:
Sif Muna
Trog


Innate Abilities, Weirdness & Mutations

You can swim through water.
You cover ground slowly.
You can hop short distances.


Message History

You climb downwards.
The gnoll hits you from afar with a halberd.
The gnoll hits you but does no damage. The gnoll misses you. x2
There is a stone staircase leading up here.
Things that are here:
a stone; a +0 short sword You hit the gnoll.
The gnoll misses you. The gnoll hits you with a club.
You hit the gnoll. The gnoll hits you with a club!
The gnoll hits you from afar with a halberd!
The gnoll hits you with a club. The gnoll misses you.
You climb upwards.
There is a stone staircase leading down here.
You hit the gnoll but do no damage. The gnoll hits you with a club!
* * * LOW HITPOINT WARNING * * *
You barely miss the gnoll. The gnoll hits you with a club.
* * * LOW HITPOINT WARNING * * *
You closely miss the gnoll. The gnoll hits you with a club!
* * * LOW HITPOINT WARNING * * *
You barely miss the gnoll. The gnoll hits you with a club!
You die...

# #
##################
'..............)@#
################g#
# #....# #.# #
#....###### #.#
####.........# #.#
..##.........# #.#
..##.........# #.#
..##.........###.#
..##.............#


You could see a gnoll.

Vanquished Creatures
  A crimson imp (D:3)
  4 adders (D:3)
  2 gnolls
  5 worms
  A dart slug (D:1)
  2 leopard geckos (D:2)
  A ball python (D:1)
  5 bats
  4 giant cockroaches
  9 goblins
  11 hobgoblins
  A quokka (D:2)
  3 frilled lizards
  7 kobolds
  5 rats
61 creatures vanquished.

Vanquished Creatures (collateral kills)
  An orc (D:1)
1 creature vanquished.

Grand Total: 62 creatures vanquished

Notes
Turn   | Place    | Note
-------+----------+-------------------------------------------
     0 | D:1      | kuniqs the Barachian Artificer began the quest for the Orb.
     0 | D:1      | Reached XP level 1. HP: 15/15 MP: 3/3
   236 | D:1      | Reached XP level 2. HP: 18/22 MP: 4/4
   264 | D:1      | Reached skill level 2 in Fighting
   587 | D:1      | Reached XP level 3. HP: 28/28 MP: 5/5
  1509 | D:2      | Reached skill level 3 in Fighting
  1844 | D:2      | Reached XP level 4. HP: 35/35 MP: 6/6
  2239 | D:3      | Found a bloodstained altar of Trog.
  2244 | D:3      | Found a deep blue altar of Sif Muna.
  2672 | D:3      | Reached skill level 1 in Long Blades
  2672 | D:3      | Reached XP level 5. HP: 38/42 MP: 7/7
  2811 | D:2      | Reached skill level 4 in Fighting
  3048 | D:1      | HP: 1/42 [gnoll/club (8)]
  3049 | D:1      | Mangled by a gnoll

Vault maps used:
D:1:      dpeg_arrival_court
D:2:      minmay_misc_feat_secret_circle
D:3:      minitemple, first_bread

Skill      XL: |  1  2  3  4  5 |
---------------+----------------+-----
Fighting       | 2 3 4 |  4.0
Dodging        | 3 |  3.8
Long Blades    | 1 |  1.3
Short Blades   | |  1.0
Stealth        | |  1.0
Evocations     | |  3.0

Action                   |  1- 3 |  4- 6 || total
-------------------------+-------+-------++-------
Melee: Short sword       |   107 |       ||   107
       Dagger            |    12 |    36 ||    48
       Falchion          |       |    72 ||    72
 Abil: Hop               |     2 |     1 ||     3
Evoke: Wand              |    16 |     7 ||    23
 Stab: Paralysed         |     4 |       ||     4
  Eat: Chunk             |     3 |     5 ||     8
Armor: Leather armour    |    35 |     6 ||    41
       Ring mail         |       |    32 ||    32
Dodge: Dodged            |   110 |    81 ||   191
       Rpst.: Falchion   |       |    13 ||    13
